3142 views
Uploaded 2020-04-08 06:51:47
Game version 1.32.3
13:05 long 3on3 ladder game on (8)Mur'gulOasis_LV
Saved by ninjaj
3142 views
Uploaded 2020-04-08 06:51:47
Game version 1.32.3
13:05 long 3on3 ladder game on (8)Mur'gulOasis_LV


95 units @ 13.5k
/ 1.6k
52 buildings @ 6.2k
/ 2.4k


| Potion of Healing | 1 | 150 |
| Scroll of Town Portal | 1 | 350 |
| total: | 2 | 500g |
| Peasant | 11 | 825 | / | 0 |
| Rifleman | 14 | 2870 | / | 420 |
| Mortar Team | 6 | 1080 | / | 420 |
| total: | 31 | 4775g | / | 840w |
| Blacksmith | 1 | 140 | / | 60 |
| Barracks | 1 | 160 | / | 60 |
| Altar of Kings | 1 | 180 | / | 50 |
| Farm | 10 | 800 | / | 200 |
| Arcane Vault | 1 | 130 | / | 30 |
| Lumber Mill | 1 | 120 | / | 0 |
| Workshop | 1 | 140 | / | 140 |
| Keep | 2 | 640 | / | 420 |
| Castle | 2 | 720 | / | 420 |
| total: | 16 | 1670g | / | 540w |
| 0:03 | Peasant |
| 0:03 | Peasant |
| 0:03 | Peasant |
| 0:48 | Peasant |
| 0:48 | Peasant |
| 0:50 | Blacksmith |
| 1:07 | Barracks |
| 1:12 | Peasant |
| 1:24 | Altar of Kings |
| 1:29 | Peasant |
| 1:29 | Peasant |
| 1:35 | Farm |
| 1:43 | Peasant |
| 1:50 | Farm |
| 2:11 | Rifleman |
| 2:21 | Rifleman |
| 2:27 | Farm |
| 2:39 | Peasant |
| 2:42 | Arcane Vault |
| 2:55 | Rifleman |
| 3:12 | Farm |
| 3:16 | Farm |
| 3:28 | Holy Light |
| 3:32 | Rifleman |
| 3:35 | Peasant |
| 3:52 | Rifleman |
| 3:59 | Farm |
| 4:20 | Rifleman |
| 4:22 | Black Gunpowder |
| 4:22 | Refined Gunpowder |
| 4:25 | Devotion Aura |
| 4:42 | Rifleman |
| 4:47 | Keep |
| 5:30 | Rifleman |
| 5:46 | Rifleman |
| 5:47 | Farm |
| 6:49 | Rifleman |
| 6:52 | Farm |
| 7:13 | Holy Light |
| 7:26 | Rifleman |
| 7:27 | Long Rifles |
| 7:30 | Farm |
| 7:53 | Rifleman |
| 8:03 | Rifleman |
| 8:04 | Imbued Gunpowder |
| 8:29 | Storm Bolt |
| 8:31 | Workshop |
| 8:35 | Lumber Mill |
| 9:26 | Rifleman |
| 9:42 | Flare |
| 9:46 | Mortar Team |
| 10:28 | Bash |
| 10:40 | Mortar Team |
| 10:42 | Castle |
| 11:16 | Mortar Team |
| 11:36 | Storm Bolt |
| 12:06 | Devotion Aura |
| 12:27 | Mortar Team |
| 12:27 | Mortar Team |
| 12:27 | Mortar Team |
| 12:28 | Studded Leather Armor |
| 12:42 | Scroll of Town Portal |
| 12:42 | Potion of Healing |
| 13:04 | Farm |
| Select group | 916 |
| Right click | 648 |
| Chat | 156 |
| Select | 139 |
| Build/train/purchase | 69 |
| Misc. action | 66 |
| Assign group | 55 |
| Use ability | 26 |
| Minimap ping | 11 |
| Resource trade | 10 |
| Esc | 9 |
| Item give/drop | 1 |


| Scroll of Regeneration | 1 | 100 |
| Lesser Clarity Potion | 1 | 70 |
| Scroll of Town Portal | 1 | 350 |
| total: | 3 | 520g |
| Peasant | 16 | 1200 | / | 0 |
| Footman | 12 | 1620 | / | 0 |
| Rifleman | 3 | 615 | / | 90 |
| Priest | 8 | 1080 | / | 80 |
| Sorceress | 7 | 1085 | / | 140 |
| total: | 46 | 5600g | / | 310w |
| Scout Tower | 5 | 150 | / | 100 |
| Arcane Tower | 3 | 210 | / | 150 |
| Guard Tower | 4 | 280 | / | 200 |
| Barracks | 1 | 160 | / | 60 |
| Altar of Kings | 1 | 180 | / | 50 |
| Farm | 9 | 720 | / | 180 |
| Arcane Vault | 1 | 130 | / | 30 |
| Town Hall | 1 | 385 | / | 205 |
| Lumber Mill | 1 | 120 | / | 0 |
| Blacksmith | 1 | 140 | / | 60 |
| Arcane Sanctum | 2 | 300 | / | 280 |
| Keep | 3 | 960 | / | 630 |
| Castle | 1 | 360 | / | 210 |
| total: | 22 | 2285g | / | 965w |
| 0:03 | Peasant |
| 0:03 | Peasant |
| 0:04 | Peasant |
| 0:16 | Peasant |
| 0:21 | Barracks |
| 0:27 | Peasant |
| 0:36 | Altar of Kings |
| 0:39 | Peasant |
| 0:51 | Farm |
| 0:59 | Peasant |
| 1:05 | Farm |
| 1:07 | Peasant |
| 1:26 | Footman |
| 1:29 | Peasant |
| 1:44 | Farm |
| 1:52 | Footman |
| 2:00 | Peasant |
| 2:08 | Scout Tower |
| 2:18 | Farm |
| 2:24 | Farm |
| 2:28 | Footman |
| 2:28 | Footman |
| 2:28 | Footman |
| 2:38 | Arcane Tower |
| 2:40 | Summon Water Elemental |
| 2:47 | Peasant |
| 3:22 | Footman |
| 3:26 | Arcane Vault |
| 3:47 | Brilliance Aura |
| 3:59 | Footman |
| 4:00 | Peasant |
| 4:00 | Peasant |
| 4:01 | Footman |
| 4:02 | Peasant |
| 4:28 | Footman |
| 4:29 | Peasant |
| 4:53 | Scout Tower |
| 4:57 | Town Hall |
| 5:02 | Scout Tower |
| 5:07 | Summon Water Elemental |
| 5:10 | Footman |
| 5:24 | Arcane Tower |
| 5:25 | Scout Tower |
| 5:46 | Lumber Mill |
| 5:55 | Arcane Tower |
| 6:05 | Farm |
| 6:19 | Keep |
| 6:19 | Keep |
| 6:24 | Guard Tower |
| 7:19 | Footman |
| 7:19 | Footman |
| 7:20 | Blacksmith |
| 7:22 | Farm |
| 7:29 | Scout Tower |
| 7:46 | Farm |
| 7:57 | Guard Tower |
| 8:08 | Improved Masonry |
| 8:41 | Arcane Sanctum |
| 8:49 | Arcane Sanctum |
| 8:51 | Peasant |
| 8:52 | Improved Lumber Harvesting |
| 9:03 | Scroll of Regeneration |
| 9:05 | Lesser Clarity Potion |
| 9:07 | Scroll of Town Portal |
| 9:19 | Long Rifles |
| 9:20 | Rifleman |
| 9:27 | Priest |
| 9:27 | Priest |
| 9:27 | Priest |
| 9:27 | Priest |
| 9:36 | Priest |
| 9:38 | Priest Adept Training |
| 9:39 | Priest Master Training |
| 10:03 | Priest |
| 10:29 | Brilliance Aura |
| 10:34 | Rifleman |
| 10:37 | Sorceress |
| 10:37 | Sorceress |
| 10:37 | Sorceress |
| 10:37 | Sorceress |
| 11:00 | Sorceress Adept Training |
| 11:01 | Sorceress |
| 11:24 | Castle |
| 11:35 | Thunder Clap |
| 11:38 | Priest |
| 12:11 | Rifleman |
| 12:13 | Priest |
| 12:24 | Sorceress |
| 12:29 | Summon Water Elemental |
| 12:30 | Summon Water Elemental |
| 12:30 | Summon Water Elemental |
| 12:32 | Storm Bolt |
| 12:40 | Sorceress |
| 12:43 | Farm |
| Right click | 536 |
| Select | 364 |
| Select group | 154 |
| Chat | 124 |
| Build/train/purchase | 113 |
| Assign group | 35 |
| Misc. action | 30 |
| Resource trade | 20 |
| Use ability | 11 |
| Minimap ping | 2 |
| Item give/drop | 1 |
| Remove unit | 1 |



| Rod of Necromancy | 3 | 450 |
| Orb of Corruption | 1 | 375 |
| total: | 4 | 825g |
| Acolyte | 3 | 225 | / | 0 |
| Ghoul | 2 | 240 | / | 0 |
| Crypt Fiend | 9 | 1935 | / | 360 |
| Obsidian Statue | 2 | 400 | / | 70 |
| Necromancer | 1 | 145 | / | 20 |
| Banshee | 1 | 155 | / | 30 |
| total: | 18 | 3100g | / | 480w |
| Graveyard | 1 | 215 | / | 0 |
| Crypt | 1 | 200 | / | 50 |
| Altar of Darkness | 1 | 180 | / | 50 |
| Ziggurat | 5 | 750 | / | 250 |
| Tomb of Relics | 1 | 130 | / | 30 |
| Necropolis | 1 | 225 | / | 0 |
| Slaughterhouse | 2 | 280 | / | 270 |
| Temple of the Damned | 1 | 155 | / | 140 |
| Sacrificial Pit | 1 | 75 | / | 150 |
| Halls of the Dead | 1 | 320 | / | 210 |
| Black Citadel | 1 | 325 | / | 230 |
| total: | 14 | 2210g | / | 940w |
| 0:01 | Acolyte |
| 0:06 | Graveyard |
| 0:09 | Crypt |
| 0:18 | Acolyte |
| 0:44 | Altar of Darkness |
| 1:01 | Ziggurat |
| 1:17 | Ghoul |
| 1:24 | Tomb of Relics |
| 1:53 | Crypt Fiend |
| 2:04 | Ziggurat |
| 2:27 | Crypt Fiend |
| 2:50 | Rod of Necromancy |
| 2:57 | Death Coil |
| 2:58 | Ghoul |
| 3:20 | Halls of the Dead |
| 3:38 | Crypt Fiend |
| 3:38 | Crypt Fiend |
| 3:38 | Crypt Fiend |
| 3:38 | Crypt Fiend |
| 3:46 | Unholy Aura |
| 4:16 | Crypt Fiend |
| 4:24 | Rod of Necromancy |
| 4:34 | Ziggurat |
| 5:43 | Black Citadel |
| 5:45 | Slaughterhouse |
| 5:45 | Burrow |
| 5:59 | Slaughterhouse |
| 6:12 | Death Coil |
| 6:51 | Temple of the Damned |
| 7:09 | Obsidian Statue |
| 7:40 | Creature Attack |
| 7:50 | Rod of Necromancy |
| 7:56 | Ziggurat |
| 8:05 | Orb of Corruption |
| 8:08 | Destroyer Form |
| 8:13 | Frost Nova |
| 8:16 | Necromancer Adept Training |
| 8:16 | Necromancer |
| 8:50 | Black Arrow |
| 9:29 | Crypt Fiend |
| 9:35 | Obsidian Statue |
| 10:01 | Ziggurat |
| 10:03 | Crypt Fiend |
| 10:03 | Web |
| 10:20 | Dark Ritual |
| 10:30 | Silence |
| 11:13 | Banshee Adept Training |
| 11:13 | Banshee |
| 11:47 | Frost Nova |
| 11:48 | Black Arrow |
| 12:06 | Sacrificial Pit |
| 12:09 | Acolyte |
| 12:10 | Necropolis |
| 12:13 | Death Pact |
| 12:52 | Dark Ritual |
| Select group | 1053 |
| Right click | 972 |
| Select | 298 |
| Misc. action | 162 |
| Chat | 105 |
| Assign group | 99 |
| Build/train/purchase | 79 |
| Use ability | 28 |
| Item give/drop | 6 |
| Minimap ping | 2 |
64 units @ 10k
/ 1.3k
37 buildings @ 6k
/ 2.2k


| Scroll of Healing | 1 | 250 |
| Scroll of Protection | 1 | 150 |
| total: | 2 | 400g |
| Wisp | 12 | 720 | / | 0 |
| Huntress | 12 | 2340 | / | 240 |
| Druid of the Claw | 2 | 510 | / | 160 |
| total: | 26 | 3570g | / | 400w |
| Ancient Protector | 2 | 270 | / | 160 |
| Moon Well | 5 | 900 | / | 200 |
| Altar of Elders | 1 | 180 | / | 50 |
| Hunter's Hall | 1 | 210 | / | 100 |
| Ancient of War | 1 | 150 | / | 60 |
| Ancient of Lore | 1 | 155 | / | 145 |
| Tree of Ages | 1 | 320 | / | 180 |
| Tree of Eternity | 1 | 330 | / | 200 |
| total: | 11 | 1865g | / | 715w |
| 0:03 | Wisp |
| 0:07 | Moon Well |
| 0:20 | Altar of Elders |
| 0:25 | Wisp |
| 0:33 | Wisp |
| 0:34 | Wisp |
| 0:34 | Wisp |
| 1:08 | Wisp |
| 1:21 | Hunter's Hall |
| 1:28 | Wisp |
| 1:28 | Wisp |
| 1:40 | Moon Well |
| 2:05 | Ancient of War |
| 2:07 | Wisp |
| 2:21 | Immolation |
| 2:23 | Wisp |
| 3:05 | Moon Well |
| 3:10 | Huntress |
| 3:35 | Huntress |
| 3:40 | Wisp |
| 3:59 | Huntress |
| 4:02 | Ancient Protector |
| 4:17 | Huntress |
| 4:29 | Ancient Protector |
| 4:32 | Wisp |
| 4:51 | Tree of Ages |
| 5:41 | Huntress |
| 5:57 | Huntress |
| 6:29 | Huntress |
| 7:01 | Huntress |
| 7:43 | Moon Glaive |
| 7:49 | Moon Well |
| 7:51 | Tree of Eternity |
| 7:56 | Ancient of Lore |
| 8:18 | Strength of the Wild |
| 8:31 | Evasion |
| 8:48 | Scroll of Protection |
| 8:49 | Scroll of Healing |
| 9:06 | Moon Well |
| 9:09 | Huntress |
| 9:47 | Druid of the Claw |
| 10:08 | Huntress |
| 10:25 | Immolation |
| 10:52 | Druid of the Claw Adept Training |
| 11:33 | Druid of the Claw |
| 11:34 | Druid of the Claw Master Training |
| 11:37 | Huntress |
| 11:51 | Searing Arrows |
| 12:25 | Huntress |
| 12:48 | Mark of the Claw |
| Right click | 255 |
| Select | 139 |
| Build/train/purchase | 50 |
| Misc. action | 29 |
| Assign group | 16 |
| Select group | 15 |
| Use ability | 8 |
| Resource trade | 7 |


| Healing Salve | 2 | 200 |
| Lesser Clarity Potion | 4 | 280 |
| Scroll of Town Portal | 1 | 350 |
| Boots of Speed | 1 | 250 |
| Circlet of Nobility | 1 | 175 |
| total: | 9 | 1255g |
| Peon | 7 | 525 | / | 0 |
| Grunt | 4 | 800 | / | 0 |
| Spirit Walker | 5 | 975 | / | 175 |
| Tauren | 4 | 1120 | / | 320 |
| total: | 20 | 3420g | / | 495w |
| Altar of Storms | 2 | 360 | / | 100 |
| Orc Burrow | 6 | 960 | / | 240 |
| Barracks | 1 | 180 | / | 50 |
| Voodoo Lounge | 1 | 130 | / | 30 |
| War Mill | 1 | 205 | / | 0 |
| Tauren Totem | 2 | 270 | / | 310 |
| Stronghold | 2 | 630 | / | 380 |
| Fortress | 2 | 650 | / | 380 |
| total: | 13 | 2105g | / | 730w |
| 0:02 | Peon |
| 0:04 | Altar of Storms |
| 0:07 | Altar of Storms |
| 0:11 | Peon |
| 0:19 | Orc Burrow |
| 0:28 | Peon |
| 0:36 | Barracks |
| 0:43 | Peon |
| 0:43 | Peon |
| 0:58 | Peon |
| 1:12 | Peon |
| 1:25 | Orc Burrow |
| 1:43 | Grunt |
| 1:43 | Grunt |
| 2:04 | Voodoo Lounge |
| 2:13 | Wind Walk |
| 2:21 | Grunt |
| 2:47 | Stronghold |
| 3:06 | Grunt |
| 3:17 | Critical Strike |
| 3:31 | Healing Salve |
| 3:40 | Orc Burrow |
| 4:27 | Boots of Speed |
| 4:27 | Circlet of Nobility |
| 5:11 | Tauren Totem |
| 5:32 | Wind Walk |
| 5:49 | Fortress |
| 5:54 | War Mill |
| 6:08 | Healing Salve |
| 6:11 | Lesser Clarity Potion |
| 6:15 | Hex |
| 6:31 | Spirit Walker |
| 6:32 | Spirit Walker Adept Training |
| 7:03 | Orc Burrow |
| 7:12 | Spirit Walker |
| 7:58 | Spirit Walker |
| 8:28 | Tauren |
| 8:30 | Tauren Totem |
| 8:38 | Healing Wave |
| 8:48 | Scroll of Town Portal |
| 9:23 | Spirit Walker Master Training |
| 9:49 | Tauren |
| 9:51 | Pulverize |
| 9:52 | Steel Melee Weapons |
| 9:52 | Thorium Melee Weapons |
| 10:12 | Lesser Clarity Potion |
| 10:13 | Lesser Clarity Potion |
| 10:39 | Orc Burrow |
| 10:42 | Spirit Walker |
| 11:03 | Healing Wave |
| 11:12 | Orc Burrow |
| 11:39 | Tauren |
| 12:49 | Tauren |
| 12:50 | Spirit Walker |
| 12:58 | Lesser Clarity Potion |
| Select group | 785 |
| Right click | 305 |
| Select | 217 |
| Misc. action | 181 |
| Build/train/purchase | 88 |
| Use ability | 25 |
| Assign group | 19 |
| Minimap ping | 10 |
| Item give/drop | 4 |
| Esc | 2 |


| Rod of Necromancy | 2 | 300 |
| Ritual Dagger | 1 | 125 |
| Scroll of Town Portal | 1 | 350 |
| total: | 4 | 775g |
| Acolyte | 4 | 300 | / | 0 |
| Ghoul | 3 | 360 | / | 0 |
| Crypt Fiend | 8 | 1720 | / | 320 |
| Obsidian Statue | 3 | 600 | / | 105 |
| total: | 18 | 2980g | / | 425w |
| Graveyard | 1 | 215 | / | 0 |
| Crypt | 1 | 200 | / | 50 |
| Altar of Darkness | 1 | 180 | / | 50 |
| Ziggurat | 6 | 900 | / | 300 |
| Tomb of Relics | 2 | 260 | / | 60 |
| Slaughterhouse | 2 | 280 | / | 270 |
| Halls of the Dead | 1 | 320 | / | 210 |
| Black Citadel | 2 | 650 | / | 460 |
| total: | 13 | 2035g | / | 730w |
| 0:04 | Acolyte |
| 0:27 | Graveyard |
| 0:32 | Acolyte |
| 0:44 | Crypt |
| 0:48 | Altar of Darkness |
| 1:06 | Ziggurat |
| 1:20 | Ziggurat |
| 1:33 | Tomb of Relics |
| 1:47 | Ghoul |
| 2:08 | Crypt Fiend |
| 2:38 | Crypt Fiend |
| 2:55 | Rod of Necromancy |
| 2:57 | Death Coil |
| 3:13 | Ghoul |
| 3:40 | Halls of the Dead |
| 3:47 | Crypt Fiend |
| 3:53 | Unholy Aura |
| 4:00 | Ziggurat |
| 4:28 | Crypt Fiend |
| 4:41 | Creature Attack |
| 5:32 | Crypt Fiend |
| 5:39 | Rod of Necromancy |
| 5:44 | Ritual Dagger |
| 5:55 | Ziggurat |
| 6:22 | Death Coil |
| 6:34 | Slaughterhouse |
| 7:08 | Black Citadel |
| 7:33 | Frost Nova |
| 7:58 | Acolyte |
| 7:58 | Acolyte |
| 8:01 | Slaughterhouse |
| 8:17 | Ghoul |
| 9:17 | Black Citadel |
| 9:28 | Crypt Fiend |
| 9:32 | Tomb of Relics |
| 9:43 | Scroll of Town Portal |
| 10:00 | Ziggurat |
| 10:32 | Crypt Fiend |
| 10:48 | Obsidian Statue |
| 10:53 | Frost Armor |
| 11:00 | Crypt Fiend |
| 11:00 | Obsidian Statue |
| 11:12 | Web |
| 11:33 | Obsidian Statue |
| 11:37 | Ziggurat |
| 11:42 | Destroyer Form |
| 12:13 | Unholy Aura |
| Right click | 540 |
| Select group | 304 |
| Select | 185 |
| Build/train/purchase | 51 |
| Misc. action | 37 |
| Assign group | 35 |
| Use ability | 20 |
| Item give/drop | 7 |
| Remove unit | 1 |
| Minimap ping | 1 |
⇛